General information
- name: BNet
- type: Ladder team game (AT/RT)
- host: Battle.net
- saver: Clan_Q8_Sucks
map: Deadlock
- players: 8
- length: 61:17
- speed: Fast
- version: 1.26 W3XP
- replay type: Public
» download(337 KB)
Players
team 1 (winner)

»
EyeLoveU (
orange | 80 APM | 2399 actions | 29:56)
6 Far Seer
3 Feral Spirit
2 Chain Lighting
1 Earth Quake
3 Shadow Hunter
1 Hex
2 Healing Wave
» actions
| Assign group hotkey | 23 | |
| Build / train | 64 | |
| Enter build submenu | 41 | |
| Enter hero's abilities submenu | 9 | |
| Give item / drop item | 2 | |
| Right click | 924 | |
| Select / deselect | 458 | |
| Select group hotkey | 760 | |
| Use ability | 117 | |
2399 total
» units
| Peon | 20 | |
| Troll Headhunter/Berserker | 6 | |
| Razormane Medicine Man | 2 | |
| Troll Batrider | 4 | |
32 total
» upgrades
| Armor | 1 | |
| Troll Regeneration | 1 | |
| Spiked Barricades | 1 | |
| Berserker Upgrade | 1 | |
| Reinforced Defenses | 1 | |
| Liquid Fire | 1 | |
| Ranged Weapons | 1 | |
7 total
» buildings
| Altar of Storms | 1 | |
| Orc Burrow | 8 | |
| Voodoo Lounge | 1 | |
| Stronghold | 1 | |
| War Mill | 1 | |
| Barracks | 2 | |
| Fortress | 1 | |
| Great Hall | 2 | |
| Watch Tower | 4 | |
| Beastiary | 3 | |
| Tauren Totem | 1 | |
| Spirit Lodge | 1 | |
26 total
» build order
00:06 Altar of Storms
00:10 Orc Burrow
00:59 Voodoo Lounge
01:39 Orc Burrow
03:14 Stronghold
03:20 War Mill
04:06 Orc Burrow
04:36 Barracks
04:39 Barracks
05:49 Fortress
07:23 Great Hall
07:25 Watch Tower
07:27 Watch Tower
07:30 Watch Tower
07:34 Watch Tower
08:20 Orc Burrow
10:40 Beastiary
10:41 Tauren Totem
10:43 Beastiary
10:53 Beastiary
12:09 Spirit Lodge
14:15 Great Hall
14:43 Orc Burrow
14:44 Orc Burrow
15:11 Orc Burrow
15:14 Orc Burrow
» items
| Healing Salve | 1 | |
| Lesser Clarity Potion | 3 | |
| Scroll of Speed | 2 | |
| Boots of Speed | 1 | |
| Scroll of Town Portal | 1 | |
| Orb of Lightning | 1 | |
| Scroll of Regeneration | 3 | |
12 total

»
1nvincible (
green | 68 APM | 4151 actions | 61:17)
5 Archmage
3 Summon Water Elemental
2 Brilliance Aura
3 Mountain King
2 Storm Bolt
1 Bash
3 Paladin
2 Holy Light
1 Divine Shield
» actions
| Assign group hotkey | 103 | |
| Basic commands | 10 | |
| Build / train | 116 | |
| Enter build submenu | 42 | |
| Enter hero's abilities submenu | 11 | |
| Give item / drop item | 3 | |
| Remove unit from queue | 2 | |
| Right click | 2265 | |
| Select / deselect | 434 | |
| Select group hotkey | 1005 | |
| Use ability | 160 | |
4151 total
» units
| Peasant | 28 | |
| Footman | 12 | |
| Dragonhawk Rider | 8 | |
| Gryphon Rider | 5 | |
53 total
» upgrades
| Masonry | 2 | |
| Lumber Harvesting | 1 | |
| Defend | 1 | |
| Magic Sentry | 1 | |
| Armor | 2 | |
| Swords | 3 | |
| Cloud | 1 | |
| Storm Hammers | 1 | |
| Animal War Training | 1 | |
13 total
» buildings
| Altar of Kings | 1 | |
| Farm | 19 | |
| Barracks | 1 | |
| Lumber Mill | 4 | |
| Scout Tower | 34 | |
| Arcane Tower | 7 | |
| Guard Tower | 16 | |
| Town Hall | 5 | |
| Keep | 2 | |
| Gryphon Aviary | 4 | |
| Blacksmith | 1 | |
| Arcane Vault | 1 | |
| Arcane Sanctum | 1 | |
| Castle | 1 | |
97 total
» build order
00:10 Altar of Kings
00:26 Farm
00:45 Barracks
00:57 Farm
01:38 Farm
02:21 Farm
02:54 Lumber Mill
03:13 Scout Tower
03:16 Scout Tower
03:49 Arcane Tower
04:17 Guard Tower
04:47 Town Hall
04:50 Scout Tower
04:53 Scout Tower
04:54 Scout Tower
04:56 Scout Tower
04:58 Scout Tower
05:01 Scout Tower
05:05 Scout Tower
05:27 Guard Tower
05:32 Arcane Tower
05:41 Farm
05:57 Guard Tower
05:59 Guard Tower
06:17 Guard Tower
06:19 Guard Tower
06:25 Arcane Tower
07:05 Scout Tower
07:06 Scout Tower
07:11 Scout Tower
07:19 Keep
07:28 Scout Tower
07:32 Scout Tower
07:33 Scout Tower
08:02 Guard Tower
08:04 Guard Tower
08:08 Arcane Tower
08:12 Guard Tower
08:41 Town Hall
08:46 Scout Tower
08:47 Scout Tower
08:48 Scout Tower
08:49 Scout Tower
08:51 Scout Tower
08:52 Scout Tower
08:54 Scout Tower
08:57 Scout Tower
09:15 Guard Tower
09:17 Guard Tower
09:22 Arcane Tower
09:37 Guard Tower
09:45 Guard Tower
09:57 Guard Tower
10:16 Guard Tower
10:40 Gryphon Aviary
10:57 Blacksmith
11:11 Farm
11:13 Farm
11:15 Farm
11:17 Farm
11:51 Gryphon Aviary
12:04 Arcane Vault
12:15 Lumber Mill
12:19 Lumber Mill
12:27 Lumber Mill
13:33 Arcane Sanctum
13:37 Arcane Tower
14:36 Town Hall
14:56 Scout Tower
14:57 Scout Tower
15:00 Scout Tower
15:03 Scout Tower
15:06 Scout Tower
15:08 Scout Tower
15:10 Scout Tower
15:29 Farm
15:32 Farm
15:32 Farm
15:33 Farm
15:34 Farm
15:36 Farm
15:37 Farm
15:39 Farm
15:40 Farm
15:40 Farm
16:06 Scout Tower
16:09 Scout Tower
16:12 Scout Tower
16:14 Scout Tower
17:30 Castle
19:09 Guard Tower
21:23 Gryphon Aviary
21:24 Gryphon Aviary
26:40 Keep
33:52 Town Hall
35:00 Town Hall
» items
| Scroll of Town Portal | 3 | |
| Scroll of Regeneration | 1 | |
| Potion of Healing | 1 | |
| Boots of Speed | 1 | |
| Potion of Lesser Invulnerability | 2 | |
8 total

»
williard (
purple | 29 APM | 1796 actions | 61:14)
9 Paladin
3 Holy Light
3 Divine Shield
1 Resurrection
2 Devotion Aura
» actions
| Assign group hotkey | 80 | |
| Basic commands | 38 | |
| Build / train | 92 | |
| Enter build submenu | 30 | |
| Enter hero's abilities submenu | 9 | |
| Give item / drop item | 3 | |
| Remove unit from queue | 1 | |
| Right click | 734 | |
| Select / deselect | 390 | |
| Select group hotkey | 300 | |
| Use ability | 119 | |
1796 total
» units
| Peasant | 18 | |
| Mortar Team | 17 | |
| Sorceress | 7 | |
| Flying Machine | 11 | |
| Spell Breaker | 1 | |
54 total
» upgrades
| Armor | 2 | |
| Gunpowder | 3 | |
| Sorceress Training | 2 | |
| Lumber Harvesting | 1 | |
| Flak Cannons | 1 | |
| Fragmentation Shards | 1 | |
| Plating | 1 | |
11 total
» buildings
| Altar of Kings | 1 | |
| Farm | 15 | |
| Lumber Mill | 1 | |
| Arcane Vault | 1 | |
| Keep | 2 | |
| Town Hall | 1 | |
| Blacksmith | 1 | |
| Workshop | 3 | |
| Arcane Sanctum | 2 | |
| Castle | 1 | |
28 total
» build order
00:16 Altar of Kings
00:20 Farm
00:59 Lumber Mill
01:49 Farm
02:05 Farm
02:37 Arcane Vault
02:41 Farm
02:44 Farm
04:26 Keep
04:27 Keep
04:33 Town Hall
04:48 Blacksmith
04:52 Farm
04:55 Farm
06:53 Workshop
06:57 Workshop
07:01 Arcane Sanctum
07:18 Workshop
09:12 Arcane Sanctum
10:02 Farm
10:04 Farm
10:12 Farm
10:12 Farm
10:13 Farm
10:45 Farm
11:16 Farm
11:17 Farm
11:58 Castle
» items
| Healing Salve | 1 | |
| Scroll of Speed | 1 | |
| Scroll of Town Portal | 6 | |
| Scroll of Regeneration | 2 | |
| Boots of Speed | 1 | |
| Staff of Teleportation | 1 | |
12 total

»
WasIgood (
blue | 33 APM | 603 actions | 18:12)
2 Beastmaster
1 Summon Bear
1 Summon Hawk
» actions
| Build / train | 48 | |
| Enter build submenu | 27 | |
| Enter hero's abilities submenu | 2 | |
| Right click | 246 | |
| Select / deselect | 238 | |
| Use ability | 42 | |
603 total
» units
| Peon | 14 | |
| Grunt | 6 | |
| Troll Headhunter/Berserker | 3 | |
| Tauren | 6 | |
29 total
» upgrades
| Melee Weapons | 2 | |
| Armor | 2 | |
| Pulverize | 1 | |
| Spiked Barricades | 1 | |
6 total
» buildings
| Orc Burrow | 8 | |
| Altar of Storms | 1 | |
| Barracks | 1 | |
| War Mill | 1 | |
| Stronghold | 9 | |
| Fortress | 1 | |
| Great Hall | 2 | |
| Tauren Totem | 2 | |
| Watch Tower | 9 | |
34 total
» build order
00:37 Orc Burrow
00:56 Altar of Storms
01:10 Barracks
01:31 Orc Burrow
01:59 War Mill
03:11 Orc Burrow
03:50 Stronghold
05:13 Orc Burrow
06:06 Orc Burrow
06:22 Fortress
07:07 Great Hall
08:45 Tauren Totem
08:47 Tauren Totem
08:53 Orc Burrow
11:15 Orc Burrow
11:49 Great Hall
12:13 Orc Burrow
13:38 Watch Tower
13:41 Watch Tower
13:43 Watch Tower
13:49 Watch Tower
13:51 Watch Tower
14:56 Watch Tower
15:38 Stronghold
16:20 Watch Tower
16:22 Watch Tower
16:26 Watch Tower
team 2 (loser)
diedendendie (
yellow | 37 APM | 1898 actions | 51:21)
6 Death Knight
3 Death Coil
2 Unholy Aura
1 Animate Dead
5 Dreadlord
2 Sleep
3 Vampiric Aura
» actions
| Assign group hotkey | 38 | |
| Basic commands | 9 | |
| Build / train | 83 | |
| Enter build submenu | 22 | |
| Enter hero's abilities submenu | 11 | |
| Give item / drop item | 1 | |
| Right click | 756 | |
| Select / deselect | 270 | |
| Select group hotkey | 592 | |
| Use ability | 116 | |
1898 total
» units
| Acolyte | 8 | |
| Ghoul | 7 | |
| Obsidian Statue | 15 | |
| Frost Wyrm | 5 | |
35 total
» upgrades
| Creature Attack | 2 | |
| Creature Carapace | 2 | |
| Destroyer Form | 1 | |
| Ghoul Frenzy | 1 | |
| Freezing Breath | 1 | |
7 total
» buildings
| Ziggurat | 9 | |
| Altar of Darkness | 1 | |
| Crypt | 1 | |
| Tomb of Relics | 1 | |
| Graveyard | 1 | |
| Halls of the Dead | 2 | |
| Black Citadel | 10 | |
| Slaughterhouse | 1 | |
| Sacrificial Pit | 1 | |
| Boneyard | 2 | |
| Necropolis | 2 | |
31 total
» build order
00:09 Ziggurat
00:17 Altar of Darkness
00:35 Crypt
00:52 Tomb of Relics
01:15 Ziggurat
01:41 Graveyard
03:30 Halls of the Dead
04:01 Ziggurat
04:28 Ziggurat
06:45 Black Citadel
06:45 Black Citadel
06:46 Black Citadel
07:08 Slaughterhouse
07:45 Sacrificial Pit
09:02 Ziggurat
09:19 Boneyard
09:22 Boneyard
09:25 Ziggurat
09:50 Ziggurat
09:53 Ziggurat
12:50 Ziggurat
13:37 Necropolis
16:11 Halls of the Dead
20:06 Necropolis
» items
| Rod of Necromancy | 2 | |
| Potion of Healing | 4 | |
| Orb of Corruption | 1 | |
| Scroll of Town Portal | 3 | |
| Potion of Lesser Invulnerability | 2 | |
| Boots of Speed | 1 | |
| Scroll of Healing | 1 | |
| Scroll of Regeneration | 1 | |
| Orb of Fire | 1 | |
16 total

»
Multipurpose (
red | 96 APM | 5867 actions | 61:17)
7 Tauren Chieftain
3 Shockwave
3 Endurance Aura
1 Reincarnation
» actions
| Assign group hotkey | 2403 | |
| Basic commands | 236 | |
| Build / train | 81 | |
| Enter build submenu | 23 | |
| Enter hero's abilities submenu | 7 | |
| Give item / drop item | 4 | |
| Right click | 1609 | |
| Select / deselect | 303 | |
| Select group hotkey | 1098 | |
| Use ability | 103 | |
5867 total
» units
| Peon | 11 | |
| Grunt | 3 | |
| Demolisher | 15 | |
| Troll Batrider | 16 | |
| Troll Witch Doctor | 1 | |
46 total
» upgrades
| Pillage | 1 | |
| Ranged Weapons | 3 | |
| Liquid Fire | 1 | |
| Burning Oil | 1 | |
| Armor | 1 | |
7 total
» buildings
| Orc Burrow | 8 | |
| Barracks | 1 | |
| Altar of Storms | 2 | |
| Voodoo Lounge | 1 | |
| Stronghold | 2 | |
| War Mill | 1 | |
| Fortress | 1 | |
| Beastiary | 1 | |
| Great Hall | 5 | |
| Watch Tower | 1 | |
| Spirit Lodge | 1 | |
24 total
» build order
00:20 Orc Burrow
00:40 Barracks
00:53 Altar of Storms
01:17 Orc Burrow
02:02 Voodoo Lounge
04:05 Stronghold
05:21 War Mill
05:25 Orc Burrow
06:42 Fortress
06:45 Beastiary
07:30 Orc Burrow
07:51 Great Hall
09:06 Orc Burrow
10:57 Watch Tower
16:07 Stronghold
16:20 Great Hall
20:02 Great Hall
22:01 Spirit Lodge
23:26 Great Hall
27:23 Great Hall
27:27 Orc Burrow
28:32 Orc Burrow
30:07 Altar of Storms
32:13 Orc Burrow
» items
| Healing Salve | 3 | |
| Lesser Clarity Potion | 4 | |
| Circlet of Nobility | 5 | |
| Orb of Lightning | 1 | |
| Potion of Mana | 1 | |
| Scroll of Town Portal | 2 | |
| Boots of Speed | 1 | |
17 total

»
Clan_Q8_Sucks (
teal | 70 APM | 4299 actions | 61:17)
10 Blood Mage
3 Flame Strike
3 Siphon Mana
1 Summon Phoenix
3 Banish
1 Archmage
1 Blizzard
1 Mountain King
1 Bash
» actions
| Assign group hotkey | 90 | |
| Basic commands | 518 | |
| Build / train | 149 | |
| ESC pressed | 1 | |
| Enter build submenu | 62 | |
| Enter hero's abilities submenu | 12 | |
| Give item / drop item | 6 | |
| Right click | 1245 | |
| Select / deselect | 543 | |
| Select group hotkey | 1414 | |
| Use ability | 259 | |
4299 total
» units
| Peasant | 24 | |
| Mortar Team | 9 | |
| Sorceress | 6 | |
| Flying Machine | 16 | |
| Gryphon Rider | 10 | |
65 total
» upgrades
| Masonry | 3 | |
| Gunpowder | 3 | |
| Lumber Harvesting | 3 | |
| Sorceress Training | 2 | |
| Fragmentation Shards | 1 | |
| Flare | 1 | |
| Armor | 3 | |
| Magic Sentry | 1 | |
| Flak Cannons | 1 | |
| Plating | 3 | |
| Flying Machine Bombs | 1 | |
| Swords | 3 | |
| Storm Hammers | 1 | |
26 total
» buildings
| Altar of Kings | 1 | |
| Farm | 15 | |
| Scout Tower | 52 | |
| Lumber Mill | 2 | |
| Arcane Tower | 3 | |
| Keep | 2 | |
| Blacksmith | 1 | |
| Town Hall | 4 | |
| Arcane Sanctum | 2 | |
| Barracks | 1 | |
| Workshop | 2 | |
| Castle | 1 | |
| Guard Tower | 21 | |
| Arcane Vault | 1 | |
| Cannon Tower | 1 | |
| Gryphon Aviary | 2 | |
111 total
» build order
00:09 Altar of Kings
00:13 Farm
00:53 Farm
01:18 Scout Tower
01:22 Lumber Mill
01:45 Arcane Tower
03:37 Keep
03:37 Keep
03:46 Blacksmith
03:50 Farm
03:55 Town Hall
03:59 Scout Tower
04:25 Arcane Tower
04:26 Arcane Tower
06:03 Arcane Sanctum
06:08 Barracks
06:09 Workshop
06:12 Workshop
06:16 Arcane Sanctum
06:40 Farm
06:59 Castle
07:09 Farm
07:12 Farm
07:33 Farm
08:06 Scout Tower
08:09 Scout Tower
08:12 Scout Tower
08:30 Scout Tower
08:33 Scout Tower
08:43 Scout Tower
08:51 Scout Tower
08:59 Guard Tower
09:00 Farm
09:01 Farm
09:05 Scout Tower
09:33 Guard Tower
09:38 Guard Tower
10:05 Scout Tower
10:06 Scout Tower
10:10 Guard Tower
10:12 Scout Tower
10:13 Scout Tower
10:14 Scout Tower
10:43 Guard Tower
10:47 Guard Tower
11:05 Guard Tower
11:07 Scout Tower
11:08 Scout Tower
11:39 Arcane Vault
11:41 Guard Tower
11:48 Guard Tower
15:52 Scout Tower
15:53 Scout Tower
15:54 Scout Tower
15:55 Scout Tower
15:55 Scout Tower
15:58 Scout Tower
15:58 Scout Tower
16:38 Cannon Tower
17:35 Guard Tower
18:12 Farm
20:48 Farm
20:49 Farm
20:49 Farm
20:49 Farm
20:50 Farm
24:03 Scout Tower
24:04 Scout Tower
24:05 Scout Tower
24:05 Scout Tower
24:06 Scout Tower
24:07 Scout Tower
24:48 Town Hall
24:51 Scout Tower
24:52 Scout Tower
24:53 Scout Tower
24:54 Scout Tower
24:54 Scout Tower
24:55 Scout Tower
24:57 Scout Tower
24:58 Scout Tower
24:59 Guard Tower
25:01 Guard Tower
25:03 Guard Tower
25:04 Guard Tower
25:30 Guard Tower
25:32 Guard Tower
25:36 Guard Tower
25:39 Scout Tower
25:40 Scout Tower
25:41 Scout Tower
25:42 Scout Tower
25:42 Scout Tower
25:43 Scout Tower
25:44 Scout Tower
25:45 Scout Tower
25:45 Scout Tower
25:46 Scout Tower
25:47 Scout Tower
25:50 Scout Tower
25:51 Scout Tower
25:52 Scout Tower
25:54 Guard Tower
26:28 Guard Tower
27:23 Guard Tower
30:13 Town Hall
38:45 Town Hall
39:24 Gryphon Aviary
39:25 Gryphon Aviary
58:47 Lumber Mill
» items
| Scroll of Town Portal | 8 | |
| Scroll of Speed | 1 | |
| Orb of Lightning | 1 | |
| Scroll of Regeneration | 2 | |
| Boots of Speed | 1 | |
| Staff of Teleportation | 1 | |
14 total

»
revygcam (
pink | 26 APM | 1589 actions | 61:17)
5 Warden
1 Fan of Knives
3 Shadow Strike
1 Blink
3 Demon Hunter
1 Mana Burn
1 Evasion
1 Immolation
» actions
| Assign group hotkey | 23 | |
| Basic commands | 31 | |
| Build / train | 65 | |
| Enter build submenu | 20 | |
| Enter hero's abilities submenu | 8 | |
| Right click | 636 | |
| Select / deselect | 146 | |
| Select group hotkey | 625 | |
| Use ability | 35 | |
1589 total
» units
| Wisp | 10 | |
| Archer | 8 | |
| Huntress | 8 | |
| Dryad | 2 | |
| Hippogryph | 9 | |
| Chimaera | 1 | |
38 total
» upgrades
| Strength of the Moon | 3 | |
| Moon Armor | 3 | |
| Strength of the Wild | 1 | |
| Reinforced Hides | 1 | |
| Improved Bows | 1 | |
| Abolish Magic | 1 | |
| Hippogryph Taming | 1 | |
11 total
» buildings
| Altar of Elders | 1 | |
| Moon Well | 7 | |
| Ancient of War | 2 | |
| Hunter's Hall | 1 | |
| Tree of Ages | 1 | |
| Ancient of Lore | 1 | |
| Ancient of Wind | 1 | |
| Tree of Eternity | 1 | |
| Chimaera Roost | 1 | |
| Ancient Protector | 2 | |
| Tree of Life | 1 | |
19 total
» build order
00:22 Altar of Elders
00:38 Moon Well
00:54 Ancient of War
01:45 Moon Well
02:55 Hunter's Hall
03:10 Moon Well
05:29 Tree of Ages
06:17 Moon Well
07:56 Ancient of Lore
08:02 Ancient of Wind
08:10 Tree of Eternity
08:40 Moon Well
10:38 Chimaera Roost
11:08 Ancient Protector
13:11 Moon Well
16:06 Moon Well
18:57 Ancient of War
19:06 Tree of Life
20:51 Ancient Protector
Chat log
(00:12 / Allies) diedendendie: split?
(01:04 / Allies) diedendendie: mass ghouls des frost
(02:15 / Allies) revygcam: 4
(02:24 / Allies) revygcam: 4v4
(02:33 / Allies) revygcam: 4vs4
(03:16 / Allies) Multipurpose: no rush i guess
(03:43 / Allies) diedendendie: no shop??
(03:44 / Allies) diedendendie: wtf
(06:19 / Allies) Clan_Q8_Sucks: wood please
(06:23 / Allies) Clan_Q8_Sucks: i miscalculated
(06:32 / Allies) Clan_Q8_Sucks: forgot to get 50 wood peons
(06:49 / Allies) diedendendie: np its there
(07:28 / All) Clan_Q8_Sucks: whole team is on dialup in 2012
(07:34 / Allies) revygcam: 11
(07:36 / All) diedendendie: 3d comps suck with old games
(09:59 / Allies) Multipurpose: well green has 3 mines
(10:06 / Allies) Multipurpose: we didnt rush for u teal
(10:11 / Allies) Multipurpose: can u fuckin kill something
(10:18 / Allies) diedendendie: we got it
(10:22 / Allies) diedendendie: mass frost coming
(10:27 / Allies) diedendendie: teal get some mort please
(10:33 / Allies) Multipurpose: now teal will bs
(10:48 / Allies) Multipurpose: he tped to invis mort blue?
(10:49 / Allies) Multipurpose: wow
(10:53 / Allies) diedendendie: he got it
(10:55 / Allies) diedendendie: rofl
(11:05 / Allies) diedendendie: he got this
(11:24 / Allies) Multipurpose: he cnat even kill it
(11:35 / Allies) diedendendie: rofl
(11:45 / All) Multipurpose: PEOPLE ON TWUARENS
(11:45 / Allies) diedendendie: red bring ur paults
(11:48 / All) Multipurpose: U JUST NOW MORTS?
(12:02 / Allies) Multipurpose: wood plz
(12:11 / Allies) diedendendie: mostrt
(13:03 / Allies) Multipurpose: sue forstys
(13:10 / All) EyeLoveU: green fuck
(13:13 / All) EyeLoveU: noob
(14:08 / All) Multipurpose: LOL ALL SIEGE GAME?
(14:21 / Allies) Multipurpose: pink with emto end bleu
(14:29 / Allies) Multipurpose: coem pinky
(14:55 / Allies) Multipurpose: atatck u fuck
(14:58 / Allies) Multipurpose: base sitS?
(15:03 / Allies) diedendendie: teal help me
(15:54 / Allies) diedendendie: repair
(16:15 / Allies) Multipurpose: gogog
(16:31 / Allies) Multipurpose: go
(16:37 / Allies) Multipurpose: hey team
(16:43 / Allies) Multipurpose: \if u dont play together u wont win
(17:24 / Allies) Multipurpose: pink why the fuck do u back off?
(18:08 / All) WasIgood: gg
(18:10 / Allies) diedendendie: tp with air pink
(18:12 / Allies) Multipurpose: PINK TP"
(18:23 / All) Multipurpose: YEP THANKS PINL
(18:30 / All) Multipurpose: UA RE HANDS DOWN THE WORST FUCKIN PLAYER I HAEV EVER SEEN
(18:37 / All) Multipurpose: THE GUY CNAT EVER PLAY WITH HSI ALLIES
(18:45 / Allies) Multipurpose: HE FUCKIN WALKED
(18:57 / All) Multipurpose: BRO U ARE RUNNING BAK AND FORTH VS TAURNES
(19:00 / All) Multipurpose: WHEN U HAVE AIR"?
(19:01 / Allies) diedendendie: pink
(19:09 / All) Multipurpose: WELL HERES A FUCKIN CLUE
(19:13 / All) Multipurpose: TAURNES DONT HIT AIR!
(19:13 / Allies) diedendendie: come
(19:26 / Allies) Multipurpose: see he cnat play etam game
(20:44 / Allies) Multipurpose: pink whya r eu not staying with yellow?
(21:16 / Allies) Multipurpose: PINK STAY WITH YELLWO UF UCKIN ASSHOLE
(21:20 / Allies) Multipurpose: WHY ARE U HER WITH ME!!!!
(21:29 / Allies) Multipurpose: FUCKIN GOD DAM IT NOW I BS
(21:34 / All) Multipurpose: NAH TAHTS GAME
(21:40 / All) Multipurpose: PINK HAS NO IDEA HOW TO PLAY
(21:55 / All) Multipurpose: NEVER FUCKINS EEN A GUY THIS BAD EVER
(22:11 / All) Multipurpose: HAS HE YET TO FIGURE IF HE ATATCKS HE COULD WIN
(22:26 / Allies) Multipurpose: just meet
(22:28 / Allies) diedendendie: i got em
(22:28 / Allies) Multipurpose: we lost already
(22:30 / Allies) Multipurpose: just meet
(22:48 / Allies) Multipurpose: U NEED HSI FUCKIN AA
(23:07 / All) Multipurpose: UNMOUNT
(24:31 / Allies) diedendendie: we tp to teal
(24:34 / Allies) diedendendie: teal mass tankls
(24:46 / Allies) Multipurpose: im gunna afk after this fuck pink sucks
(25:04 / Allies) Multipurpose: i have no tp
(25:14 / Allies) diedendendie: go get one now
(25:22 / All) Clan_Q8_Sucks: if u guys can kill my allies remaining armies, i will consider surrendering
(25:36 / Allies) diedendendie: stay together
(25:46 / Allies) Multipurpose: I BEEN SAYING THAT ALL FUCKIN GAME YELLWO
(26:02 / All) Clan_Q8_Sucks: i dont think you can base race
(26:06 / All) Clan_Q8_Sucks: yorue going to have to pick off armies
(26:09 / Allies) diedendendie: heal st my stat red
(26:12 / All) Clan_Q8_Sucks: for instance those wagons are quite alone at the moment
(26:19 / All) Clan_Q8_Sucks: if you were being productive with your air you could kill them all
(26:20 / All) Clan_Q8_Sucks: then back off
(26:41 / Allies) diedendendie: we all need to help teal
(26:44 / Allies) diedendendie: get a tp red
(27:01 / All) Clan_Q8_Sucks: dotn do that
(27:03 / All) Clan_Q8_Sucks: im on your side
(27:49 / All) Multipurpose: so teal bsed HW CLASSIC
(27:52 / All) Multipurpose: IM AFK FUCK THIS
(28:00 / Allies) Multipurpose: later yellow
(28:06 / Allies) Multipurpose: pionk u are on bs list now for life
(28:12 / Allies) Multipurpose: dude u had all game to atatck a fuckin base
(28:16 / Allies) Multipurpose: instead u chose to hid e
(28:48 / Allies) diedendendie: teal??
(28:51 / Allies) diedendendie: we got this
(28:55 / Allies) Multipurpose: dude hes a fuckiN IDIOT!!!
(28:57 / Allies) Multipurpose: we have nothing
(28:59 / Allies) Multipurpose: stats him
(29:01 / Allies) Multipurpose: hes a bser
(29:08 / Allies) Multipurpose: tasht why i needed pink to help u yellow
(29:12 / Allies) Multipurpose: but pink never did
(29:58 / Allies) Multipurpose: lamo
(29:59 / Allies) Multipurpose: sad
(30:14 / Allies) Multipurpose: yellwo just atatck grens base dude
(30:21 / Allies) Multipurpose: just atatck greens abse and kill shit
(30:41 / Allies) Multipurpose: green workers
(31:45 / All) Multipurpose: TEAL IS SERIOSULY KILLIN MY ALTAR LMAO
(31:47 / All) Clan_Q8_Sucks: BAN
(31:49 / All) diedendendie: missing some boots noobv
(31:51 / All) Multipurpose: HOW SMALL IS YOUR COCK?
(32:00 / All) Multipurpose: dude i save replay and send urlhacks
(32:33 / Allies) Multipurpose: just kill the epxpos yellwo
(32:33 / Allies) revygcam: atleast I win
(32:39 / Allies) Multipurpose: u wont win pink
(32:45 / Allies) Multipurpose: teals gunna kill his own shit
(32:59 / Allies) Multipurpose: see
(33:02 / All) 1nvincible: is teal actually helping us??'
(33:14 / All) Clan_Q8_Sucks: im only in it for myself
(33:30 / Allies) diedendendie: red come here
(33:42 / Allies) Multipurpose: beyond sad dude
(33:52 / Allies) Multipurpose: pink this is why u shoudl have helped yellwo
(34:00 / Allies) Multipurpose: instead u fuckin base sat
(34:04 / Allies) Multipurpose: green would be gone
(34:17 / All) 1nvincible: u win
(34:25 / All) Multipurpose: later dude
(34:40 / All) 1nvincible: kinda sucks having no allies ever lol
(34:48 / All) Clan_Q8_Sucks: purple and i are in the same room
(34:53 / All) Multipurpose: NO SHIT
(34:55 / All) diedendendie: teal tkd us all
(35:00 / All) Multipurpose: he sees all our shit
(35:01 / All) diedendendie: so dont feel good
(35:02 / All) 1nvincible: lol
(35:05 / All) Multipurpose: MUST BE NICE SUCKIN PURPEL OFF
(35:06 / All) diedendendie: i had you alone
(35:09 / Allies) revygcam: 5 v 3
(35:11 / All) Multipurpose: HOW DOES PURPLES COCK TASTE?
(35:17 / Allies) diedendendie: red get that pally
(35:23 / Allies) diedendendie: red turn around wow
(35:27 / All) Multipurpose: PURP U SUCK OR DOES TEAL?
(35:41 / All) williard: you have a vulgar mind
(35:45 / All) Multipurpose: u gotta suck
(35:49 / All) 1nvincible: ahh so he knows where im at
(35:51 / All) Multipurpose: since u staying here suckin teals cock
(36:04 / All) Multipurpose: how sad arre these 2
(36:11 / All) 1nvincible: no kididng lol
(36:12 / All) Multipurpose: dual comps in same room jerkin each other
(36:17 / All) Multipurpose: while playing rt lol
(36:23 / All) Multipurpose: then stab their allies lol
(36:34 / All) Multipurpose: TEAL IMA TC WITH SPEE BOOTS
(36:37 / All) Multipurpose: U CNAT CATCH ME
(36:40 / All) williard: why dont you calm down and go play another game already
(36:42 / All) 1nvincible: just sucks
(36:52 / All) Multipurpose: teal wants purpels dick so bad
(37:08 / All) Multipurpose: i cna hear purpel
(37:14 / All) Multipurpose: after teh game cna u suck me off teal PLZ
(37:29 / All) Multipurpose: cause u made a 20 minute game take an hour
(37:31 / All) Multipurpose: PLZ TEAL
(37:53 / Allies) revygcam: its your all I got
(38:45 / All) 1nvincible: red they gunna kil me then sit lol
(38:47 / All) 1nvincible: go afk
(38:49 / All) 1nvincible: ill help u
(39:39 / All) Multipurpose: is just your base left green?
(39:44 / All) 1nvincible: yup
(39:47 / All) Multipurpose: nvm revealed
(40:03 / All) Multipurpose: u haev hero left green?
(40:14 / All) 1nvincible: 2 of em
(40:20 / All) Multipurpose: kill your shit fast
(40:26 / All) 1nvincible: trying
(40:27 / Allies) revygcam: what team is this
(40:28 / All) 1nvincible: teal and purple
(40:36 / All) 1nvincible: chase
(41:14 / All) Multipurpose: GO GET EM GREEN
(41:23 / All) Multipurpose: i puleld em all off
(41:38 / All) 1nvincible: u go from leftr
(41:41 / All) 1nvincible: ill go from right
(41:45 / All) 1nvincible: cant stop both sides...
(45:07 / All) Multipurpose: WELL IM AFK AND DONT CARE
(45:09 / All) Multipurpose: LATER
(45:18 / All) Multipurpose: obviously purpel needs teals help to win
(45:21 / All) Multipurpose: so later green
(45:25 / All) Multipurpose: i know we won this game
(45:34 / All) 1nvincible: only cause i had no allies lol
(47:27 / All) Clan_Q8_Sucks: game over dude
(47:31 / All) Clan_Q8_Sucks: you may all leave now
(47:36 / All) 1nvincible: yup afk
(47:42 / All) Clan_Q8_Sucks: you may all leave the game now
(51:27 / All) Clan_Q8_Sucks: 1 down
(61:16 / All) Clan_Q8_Sucks: may the best man win